 Dungeon Sprint DCSS version 0.27.1 (webtiles) character file.

Game seed: 10802476144022409360

179 styxcanada the Covert (level 5, -9/28 HPs)
             Began as a Spriggan Brigand on Aug 31, 2021.
             Was an Initiate of Gozag.
             Mangled by a spriggan (10 damage)
             ... in the Dungeon (Sprint IV: "Fedhas' Mad Dash").
             The game lasted 00:01:20 (237 turns).

styxcanada the Covert (Spriggan Brigand)             Turns: 237, Time: 00:01:20

Health: -9/28      AC:  3    Str:  7    XL:     5   Next: 33%
Magic:  6/6        EV: 19    Int: 13    God:    Gozag
Gold:   180        SH:  0    Dex: 17    Spells: 4/4 levels left

rFire    . . .     SeeInvis +   a - +2 dagger
rCold    . . .     Faith    .   (shield restricted)
rNeg     . . .     Spirit   .   b - +0 robe
rPois    .         Reflect  .   (helmet restricted)
rElec    .         Harm     .   c - +0 cloak
rCorr    .         Rampage  .   (gloves unavailable)
Will     .....     NoTele   +   (boots unavailable)
Stlth    ++++++....             l - amulet of invisibility {+Inv}
HPRegen  0.09/turn              (no ring)
MPRegen  0.10/turn              (no ring)

@: very slightly contaminated, very quick
A: very small, no large weapons, unfitting armour, see invisible, speed 3
a: Renounce Religion, Evoke Invisibility, Potion Petition, Call Merchant, Bribe
Branch


You were in the Dungeon.
You worshipped Gozag.
Gozag was aware of your devotion.
You visited 1 branch You collected 180 gold pieces.

Inventory:

Hand Weapons
 a - a +2 dagger (weapon)
Missiles
 d - 2 poisoned darts (quivered)
 e - 2 curare-tipped darts
Armour
 b - a +0 robe (worn)
 c - a +0 cloak (worn)
Jewellery
 l - the amulet of invisibility (around neck) {+Inv}
   (You found it in the Dungeon)

   [amulet of nothing]

   +Inv:      It lets you turn invisible.
Scrolls
 k - a scroll of blinking
Potions
 f - a potion of curing
 g - a potion of heal wounds
 h - a potion of haste
 i - 2 potions of magic
 j - a potion of berserk rage


   Skills:
 * Level 3.3 Fighting
 + Level 3.2 Short Blades
 + Level 3.0 Throwing
 * Level 4.9 Dodging
 * Level 14.4 Stealth
 + Level 1.0 Evocations


You had 4 spell levels left.
You didn't know any spells.
Your spell library was empty.

Dungeon Overview and Level Annotations

Branches:
Dungeon (1/1)

Altars:
Cheibriados
Dithmenos
Elyvilon
Gozag
Hepliaklqana
Kikubaaqudgha
Makhleb
Nemelex Xobeh
Okawaru
Qazlal
Ru
Sif Muna
Trog
Uskayaw
Vehumet
Wu Jian
Xom
Yredelemnul
Zin
The Shining One
Beogh
Jiyva
Lugonu


Innate Abilities, Weirdness & Mutations

You are very small and have problems with some larger weapons.
You are too small for most types of armour.
You have supernaturally acute eyesight. (SInv)
You cover ground extremely quickly. (Speed+++)


Message History

Throw: 7 darts (poison)
Press: ? - help, Q - select action, (/) - cycle Shift-Dir - straight line, f/p - spriggan
Aim: a spriggan, wielding a +0 dagger and wearing a +0 robe (moderately wounded, 34% to hit)
You throw a poisoned dart. The poisoned dart misses the spriggan.
The spriggan misses you. The spriggan hits you with a +0 dagger.
There is a viscous altar of Jiyva here.
Throw: 6 darts (poison)
Press: ? - help, Q - select action, (/) - cycle Shift-Dir - straight line, f/p - spriggan
Aim: a spriggan, wielding a +0 dagger and wearing a +0 robe (moderately wounded, 34% to hit)
You throw a poisoned dart. The poisoned dart hits the spriggan.
The spriggan is moderately wounded.
The spriggan barely misses you.
There is a hazy altar of Hepliaklqana here.
There is an opulent altar of Gozag here.
The spriggan misses you.
The spriggan looks more healthy.
There is an open door here.
Throw: 5 darts (poison)
Press: ? - help, Q - select action, (/) - cycle Shift-Dir - straight line, f/p - spriggan
Aim: a spriggan, wielding a +0 dagger and wearing a +0 robe (lightly wounded, 34% to hit)
You throw a poisoned dart. The poisoned dart hits the spriggan.
The spriggan is lightly wounded.
The spriggan barely misses you.
Throw: 4 darts (poison)
Press: ? - help, Q - select action, (/) - cycle Shift-Dir - straight line, f/p - spriggan
Aim: a spriggan, wielding a +0 dagger and wearing a +0 robe (lightly wounded, 34% to hit)
You throw a poisoned dart.
The poisoned dart barely misses the spriggan.
The poisoned dart barely misses the spriggan.
The spriggan hits you with a +0 dagger!
Throw: 3 darts (poison)
Press: ? - help, Q - select action, (/) - cycle Shift-Dir - straight line, f/p - spriggan
Aim: a spriggan, wielding a +0 dagger and wearing a +0 robe (34% to hit)
You throw a poisoned dart.
The poisoned dart barely misses the spriggan.
The spriggan hits you with a +0 dagger!
* * * LOW HITPOINT WARNING * * *
The spriggan hits you with a +0 dagger!
You die...
Your body crumbles into a pile of gold.

###############################
#<..P#.....#...i.#.⌠._._._._.⌠.
#PP..'.[.†.'.#@i.'.._(_._(_._.(
#PPPP#...†.#.#...#.(._._._._...
###############+##.._._._._._..
#._._._._._.⌠. $
$############## $


$$$$ $$ $ You could see 2 spriggans.

Vanquished Creatures
  A scorpion (D)
  3 oklob saplings (D)
  A river rat (D)
  A rat (D)
6 creatures vanquished.

Notes
Turn   | Place    | Note
-------+----------+-------------------------------------------
     0 | D        | styxcanada the Spriggan Brigand began the quest for the
                  | Orb.
     0 | D        | Reached XP level 1. HP: 10/10 MP: 2/2
     9 | D        | Reached skill level 7 in Stealth
     9 | D        | Reached XP level 2. HP: 15/15 MP: 3/3
    10 | D        | Reached skill level 8 in Stealth
    12 | D        | Noticed an oklob sapling
    14 | D        | Killed an oklob sapling
    15 | D        | Reached skill level 10 in Stealth
    15 | D        | Reached XP level 3. HP: 19/19 MP: 4/4
    16 | D        | Noticed a scorpion
    16 | D        | Found the amulet of invisibility {+Inv}
    18 | D        | Killed a scorpion
    19 | D        | Reached skill level 12 in Stealth
    19 | D        | Reached XP level 4. HP: 23/23 MP: 5/5
    45 | D        | Found an opulent altar of Gozag.
    45 | D        | Found a hazy altar of Hepliaklqana.
    45 | D        | Found a burning altar of Makhleb.
    45 | D        | Found a sparkling altar of Nemelex Xobeh.
    45 | D        | Found a snail-covered altar of Cheibriados.
    45 | D        | Found a sacrificial altar of Ru.
    45 | D        | Found a shimmering blue altar of Sif Muna.
    45 | D        | Found a shimmering altar of Xom.
    45 | D        | Found a basalt altar of Yredelemnul.
    46 | D        | Found a viscous altar of Jiyva.
    46 | D        | Found a bloodstained altar of Trog.
    46 | D        | Found an ornate altar of the Wu Jian Council.
    47 | D        | Found an iron altar of Okawaru.
    47 | D        | Found a shadowy altar of Dithmenos.
    47 | D        | Found a glowing silver altar of Zin.
    48 | D        | Found an ancient bone altar of Kikubaaqudgha.
    48 | D        | Found a hide-covered altar of Uskayaw.
    49 | D        | Found a stormy altar of Qazlal.
    49 | D        | Found a white marble altar of Elyvilon.
    49 | D        | Found a glowing golden altar of the Shining One.
    50 | D        | Became a worshipper of Gozag Ym Sagoz the Greedy
    51 | D        | Found a corrupted altar of Lugonu.
    51 | D        | Found a radiant altar of Vehumet.
    55 | D        | Reached skill level 13 in Stealth
    55 | D        | Reached XP level 5. HP: 28/28 MP: 3/6
   206 | D        | Reached skill level 14 in Stealth
   206 | D        | Reached skill level 1 in Evocations
   237 | D        | HP: 1/28 [spriggan (12)]
   237 | D        | Mangled by a spriggan

Illustrated notes

Levels and vault maps discovered:
D:        dungeon_sprint_fedhas [sprint_temple]

Skill      XL: |  1  2  3  4  5 |
---------------+----------------+-----
Dodging        | 2 3 4 |  4.9
Stealth        | 7 10 12 13 14 | 14.4
Fighting       | 2 3 |  3.3
Short Blades   | 3 |  3.2
Throwing       | 3 |  3.0
Evocations     | 1 |  1.0

Action                   |  1- 3 |  4- 6 || total
-------------------------+-------+-------++-------
Melee: Dagger            |     4 |     3 ||     7
Throw: Dart              |       |     6 ||     6
 Abil: Evoke Invisibilit |       |     2 ||     2
 Stab: Sleeping          |     3 |     2 ||     5
Dodge: Dodged            |       |     6 ||     6
